 Dungeon Crawl Stone Soup version 0.27.1-2-g3b301248ec (webtiles) character file.

Game seed: 12476480644809424481

217 GameOver the Conjurer (level 5, -4/42 HPs)
             Began as a Naga Hedge Wizard on Oct 3, 2021.
             Slain by a wyvern zombie (10 damage)
             ... in an ossuary.
             The game lasted 00:12:01 (2507 turns).

GameOver the Conjurer (Naga Hedge Wizard)           Turns: 2507, Time: 00:12:01

Health: -4/42      AC:  3    Str: 12    XL:     5   Next: 94%
Magic:  0/9        EV:  9    Int: 22    God:
Gold:   153        SH:  0    Dex: 10    Spells: 1/10 levels left

rFire    . . .     SeeInvis +   a - +0 rapier
rCold    . . .     Faith    .   (no shield)
rNeg     . . .     Spirit   .   b - +0 robe
rPois    +         Reflect  .   c - +0 helmet
rElec    .         Harm     .   (no cloak)
rCorr    .         Rampage  .   (no gloves)
Will     .....                  (no barding)
Stlth    ++........             (no amulet)
HPRegen  0.14/turn              j - +6 ring of intelligence
MPRegen  0.11/turn              (no ring)

@: hasted, quick
A: AC +1, large, see invisible, deformed body, poison resistance, slowness 2,
spit poison 1, naga tail 1
a: Spit Poison


You were in an ossuary.
You visited 1 branch of the dungeon, and saw 4 of its levels.
You also visited: Ossuary.

You collected 153 gold pieces.

Inventory:

Hand Weapons
 a - a +0 rapier (weapon)
 q - a +0 hunting sling
 s - a +0 spear
Missiles
 d - 16 sling bullets
Armour
 b - a +0 robe (worn)
 c - a +0 helmet (worn)
Magical Staves
 m - a staff of air
Jewellery
 h - a ring of flight
 j - a +6 ring of intelligence (left hand)
Scrolls
 l - 2 scrolls of identify {unknown}
 n - a scroll of blinking {unknown}
 o - a scroll of summoning {unknown}
Potions
 e - a potion of haste
 f - a potion of flight {unknown}
 g - 2 potions of might {unknown}
 i - a potion of attraction {unknown}
 k - a potion of curing {unknown}


   Skills:
 - Level 1.5 Dodging
 + Level 3.6 Stealth
 - Level 3.0 Spellcasting
 * Level 5.3 Conjurations
 - Level 1.0 Summonings
 - Level 1.0 Translocations
 + Level 1.4 Poison Magic


You had one spell level left.
You knew the following spells:

 Your Spells              Type           Power      Damage    Failure   Level
a - Magic Dart            Conj           100%       1d8       1%          1
b - Blink                 Tloc           N/A        N/A       12%         2
d - Mephitic Cloud        Conj/Pois/Air  13%        N/A       16%         3
s - Stone Arrow           Conj/Erth      30%        3d8       13%         3

Your spell library contained the following spells:

 Spells                   Type           Power      Damage    Failure   Level
 Call Imp                 Summ           7%         N/A       12%         2
 Conjure Flame            Conj/Fire      15%        6-21      13%         3
 Slow                     Hex            3%         N/A       19%         2
 Bolt of Magma            Conj/Fire/Erth 5%         4d5       86%         5
 Shatter                  Erth           1%         3d6*      100%        9


Dungeon Overview and Level Annotations

Branches:
Dungeon (4/15)            Ossuary (1/1)
 Temple: D:4-7

Altars:


Innate Abilities, Weirdness & Mutations

Your serpentine skin is tough. (AC +1)
You have supernaturally acute eyesight. (SInv)
Armour fits poorly on your strangely shaped body.
Your system is resistant to poisons. (rPois)
You cover ground very slowly.
You can spit poison.
You have a snake-like lower body.


Message History

The wyvern zombie moves out of view.
There is an open door here.
The magic dart hits the bog mummy.
The bog mummy is moderately damaged.
Casting: Magic Dart (safe; 1% risk of failure)
Confirm with . or Enter, or press ? or * to list all spells.
Aiming: Stone Arrow (dangerous; 13% risk of failure)
Press: ? - help, Shift-Dir - straight line, f - wyvern zombie
Aim: a wyvern zombie (89% to hit)
The stone arrow hits the wyvern zombie!!
The wyvern zombie is heavily damaged.
Casting: Stone Arrow (dangerous; 13% risk of failure)
Confirm with . or Enter, or press ? or * to list all spells.
Aiming: Stone Arrow (dangerous; 13% risk of failure)
Press: ? - help, Shift-Dir - straight line, f/p - wyvern zombie
Aim: a wyvern zombie (heavily damaged, 89% to hit)
The stone arrow hits the wyvern zombie!
The wyvern zombie is severely damaged.
The wyvern zombie bites you.
The magic dart hits the wyvern zombie.
The wyvern zombie is almost destroyed.
The wyvern zombie bites you. The wyvern zombie barely misses you.
The magic dart hits the wyvern zombie.
The wyvern zombie is almost destroyed.
The wyvern zombie bites you!
The magic dart hits the wyvern zombie.
The wyvern zombie is almost destroyed.
The wyvern zombie bites you!
You are too injured to fight recklessly!
You barely miss the wyvern zombie.
The wyvern zombie is almost destroyed.
The wyvern zombie bites you but does no damage.
The wyvern zombie bites you!
You hit the wyvern zombie.
The wyvern zombie is almost destroyed.
The wyvern zombie bites you!
* * * LOW HITPOINT WARNING * * *
It was a potion of haste.
You feel yourself speed up. The wyvern zombie bites you!
You die...

##### #@.∩#
#ZM.# #...#
##'##
#.'.Z.......M.
###+#+#'#'#'#'
.# # ##


You could see a bog mummy and a wyvern zombie.

Vanquished Creatures
  A water moccasin skeleton (D:4)
  2 mummies (Ossuary)
  6 gnolls (D:3)
  2 adders
  3 dart slugs
  An orc (D:3)
  6 endoplasms
  A giant cockroach (D:3)
  3 goblins
  6 hobgoblins
  5 kobolds
  A quokka (D:3)
  6 ball pythons
  9 bats
  5 frilled lizards
  9 rats
66 creatures vanquished.

Vanquished Creatures (others)
  8 withered plants (Ossuary)
8 creatures vanquished.

Grand Total: 74 creatures vanquished

Notes
Turn   | Place    | Note
-------+----------+-------------------------------------------
     0 | D:1      | GameOver the Naga Hedge Wizard began the quest for the Orb.
     0 | D:1      | Reached XP level 1. HP: 15/15 MP: 4/4
   151 | D:1      | Reached skill level 2 in Conjurations
   151 | D:1      | Reached XP level 2. HP: 22/22 MP: 6/6
   621 | D:1      | Reached XP level 3. HP: 28/28 MP: 2/7
   624 | D:1      | Learned a level 2 spell: Blink
   628 | D:1      | Learned a level 3 spell: Mephitic Cloud
   913 | D:2      | Found a faded altar of an unknown god.
   953 | D:2      | Reached skill level 3 in Conjurations
  1681 | D:3      | Reached XP level 4. HP: 36/36 MP: 5/8
  1783 | D:3      | Reached skill level 4 in Conjurations
  2022 | D:3      | Reached XP level 5. HP: 16/42 MP: 2/9
  2298 | D:4      | Identified a scroll of acquirement
  2298 | D:4      | Acquired a +6 ring of intelligence
  2322 | D:4      | Reached skill level 5 in Conjurations
  2322 | D:4      | Reached skill level 1 in Poison Magic
  2407 | D:4      | Found a sand-covered staircase.
  2411 | Ossuary  | Entered an ossuary
  2486 | Ossuary  | Learned a level 3 spell: Stone Arrow
  2507 | Ossuary  | Slain by a wyvern zombie

Illustrated notes

Levels and vault maps discovered:
D:1:      onia_arrival_pentagram, layout_basic, minmay_misc_feat_more_columns,
          minmay_misc_feat_ornament
D:2:      layout_loops_ring, ebering_ecumenical_altar_mist
D:3:      layout_basic, nicolae_underground_beach
D:4:      layout_basic, enter_ossuary_5, hangedman_abyss_or_decor_passed
Ossuary:  ossuary_zaba_flooded

Skill      XL: |  1  2  3  4  5 |
---------------+----------------+-----
Conjurations   | 2 3 4 5 |  5.3
Poison Magic   | 1 |  1.4
Dodging        | |  1.5
Stealth        | |  3.6
Spellcasting   | |  3.0
Summonings     | |  1.0
Translocations | |  1.0

Action                   |  1- 3 |  4- 6 || total
-------------------------+-------+-------++-------
Melee: Rapier            |       |     6 ||     6
 Cast: Magic Dart        |    49 |    47 ||    96
       Stone Arrow       |       |     2 ||     2
 Abil: Spit Poison       |    35 |    16 ||    51
  Use: Scroll            |       |     1 ||     1
       Potion            |       |     1 ||     1
Armor: Robe              |     5 |     4 ||     9
Dodge: Dodged            |     2 |     6 ||     8
